 Dungeon Crawl Stone Soup version 0.14.1-26-g5a19342 (webtiles) character file.

348 Kae the Firebug (level 5, -9/28 HPs)
             Began as a Tengu Fire Elementalist on July 22, 2014.
             Hit by a javelin thrown by an orc (12 damage)
             ... on Level 3 of the Dungeon.
             The game lasted 00:04:23 (3315 turns).

Kae the Firebug (Tengu Fire Elementalist)           Turns: 3315, Time: 00:04:24

HP  -9/28        AC  2     Str  9      XL: 5   Next: 77%
MP   1/13        EV 12     Int 16      God:
Gold 150         SH  0     Dex 14      Spells:  3 memorised,  4 levels left

rFire  . . .     SeeInvis .     u - +2,+1 dagger (elec)
rCold  . . .     Clarity  .     a - +0 robe
rNeg   . . .     Conserve .     (no shield)
rPois  .         rCorr    .     (helmet restricted)
rElec  .         rRot     .     (no cloak)
SustAb . .       Spirit   .     (no gloves)
rMut   .         Warding  .     (boots unavailable)
Saprov . . .     Stasis   .     (no amulet)
MR     .....                    (no ring)
                                (no ring)

@: not resistant to hostile enchantments, fairly stealthy
A: able to fly, beak, talons 3
a: Fly


You were on level 3 of the Dungeon.
You were near starving.

You visited 1 branch of the dungeon, and saw 3 of its levels.

You collected 150 gold pieces.

Inventory:

Hand weapons
 u - a +2,+1 dagger of electrocution (weapon)
Armour
 a - a +0 robe (worn)
Comestibles
 c - 5 bread rations
 g - 4 meat rations
 h - a lemon
 m - a choko
 n - 2 apples
Scrolls
 d - 7 scrolls of identify {unknown}
 e - a scroll of enchant weapon II {unknown}
 f - 2 scrolls of fog {unknown}
 k - a scroll of remove curse {unknown}
 o - 2 scrolls of random uselessness {unknown}
 r - a scroll of teleportation {unknown}
 s - a scroll of recharging {unknown}
 t - a scroll of blinking {unknown}
 x - a scroll of fear {unknown}
 y - a scroll of noise {unknown}
 A - a scroll of enchant weapon I {unknown}
Jewellery
 l - an uncursed amulet of guardian spirit {unknown}
 w - an uncursed ring of fire {unknown}
Potions
 i - a potion of heal wounds {unknown}
 j - a potion of magic {unknown}
 p - 4 potions of curing {unknown}
 q - a potion of might {unknown}
 z - a potion of confusion {unknown}
Books
 b - a book of Flames

   Spells                             Type                      Level
   *Flame Tongue                      Conjuration/Fire             1
   *Throw Flame                       Conjuration/Fire             2
   *Conjure Flame                     Conjuration/Fire             3
   Inner Flame                        Hexes/Fire                   3
   Sticky Flame                       Conjuration/Fire             4
   Fireball                           Conjuration/Fire             5


   Skills:
 - Level 2.1 Dodging
 - Level 2.0 Stealth
 + Level 3.2 Spellcasting
 * Level 4.2 Conjurations
 * Level 5.0 Fire Magic


You had 4 spell levels left.
You knew the following spells:

 Your Spells              Type           Power        Failure   Level  Hunger
a - Flame Tongue          Conj/Fire      ###..        3%          1    None
b - Throw Flame           Conj/Fire      ###...       6%          2    ##.....
c - Conjure Flame         Conj/Fire      ###.....     12%         3    ###....


Dungeon Overview and Level Annotations

Branches:
Dungeon (3/15)

Altars:
Ashenzari
Nemelex Xobeh


Innate Abilities, Weirdness & Mutations

You can fly.
You have a beak for a mouth.
You have claws for feet.


Message History

Aiming: Throw Flame
Press: ? - help, Shift-Dir - straight line, f - orc
Aim: an orc wearing a leather armour The puff of flame hits the orc.
You kill the orc!
Your Fire Magic skill increases to level 5!
The orc throws a javelin.
The javelin misses you.
Casting: Throw Flame
Confirm with . or Enter, or press ? or * to list all spells.
Aiming: Throw Flame
Press: ? - help, Shift-Dir - straight line, f - orc
Aim: an orc, wielding a mace The puff of flame misses the orc.
The orc throws a javelin.
The javelin hits you!
* * * LOW HITPOINT WARNING * * *
Casting: Throw Flame
Confirm with . or Enter, or press ? or * to list all spells.
You don't have enough magic to cast that spell.
The orc throws a javelin.
The javelin hits you!
You die...

..(.....####.#####.# #...
...............# #.# #...
....#####.##.#.# #.# #..#
....#####.##.#.# #.#####.# #...
........#....#.###.......#....###
........##................##..###
........######............ #.....
........o..[.............. ....##
........######..@###...#.. ... ..
...#'#########.### ...# .....
...#.##........# ...# .....
...#.##.#####..## ..## ....
...#.##........... .
...#................
....................#
....>..........#.#..
...#####...........


You could see an orc.

Vanquished Creatures
  A yak skeleton (D:3)
  5 adders
  3 gnolls (D:3)
  A giant mite (D:3)
  A worm (D:3)
  2 giant geckos (D:1)
  An ooze (D:1)
  4 orcs (D:3)
  4 giant cockroaches
  8 goblins
  5 hobgoblins (D:1)
  11 jackals
  A ball python (D:1)
  6 bats
  5 kobolds
  8 rats
66 creatures vanquished.

Notes
Turn   | Place    | Note
--------------------------------------------------------------
     0 | D:1      | Kae, the Tengu Fire Elementalist, began the quest for the Orb.
     0 | D:1      | Reached XP level 1. HP: 10/10 MP: 3/3
   218 | D:1      | Reached XP level 2. HP: 15/15 MP: 0/5
  1024 | D:1      | Reached XP level 3. HP: 12/19 MP: 2/7
  1831 | D:2      | Reached skill level 4 in Fire Magic
  1970 | D:2      | Reached XP level 4. HP: 13/24 MP: 2/9
  2428 | D:2      | Found a shattered altar of Ashenzari.
  2429 | D:2      | Found a sparkling altar of Nemelex Xobeh.
  2717 | D:3      | Learned a level 2 spell: Throw Flame
  2721 | D:3      | Learned a level 3 spell: Conjure Flame
  2751 | D:3      | Reached XP level 5. HP: 23/28 MP: 2/13
  3313 | D:3      | Reached skill level 5 in Fire Magic
  3315 | D:3      | Hit by a javelin thrown by an orc

Action                   |  1- 3 |  4- 6 || total
-------------------------+-------+-------++-------
Melee: Unarmed           |    81 |     4 ||    85
       Dagger            |       |    22 ||    22
 Cast: Flame Tongue      |    61 |    29 ||    90
       Throw Flame       |       |     7 ||     7
 Stab: Sleeping          |     3 |       ||     3
